[Event "Titled Tuesday Blitz March 08 Late 2022"]
[White "Petersson, Kjell"]
[Black "Clawitter, Craig"]
[WhiteFideId "1705148"]
[BlackFideId "2023105"]
[WhiteElo "2009"]
[BlackElo "2270"]
[Result "1-0"]
[Round "04"]
[TimeControl "180+1"]
[Date "2022.03.09"]
[WhiteClock "0:00:20"]
[BlackClock "0:00:01"]

1. d4 e6 2. Bf4 Nf6 3. e3 b6 4. Nd2 Bb7 5. Ngf3 Be7 6. Bd3 Nh5 7. Bg3 d6 8. c3 Nd7 9. Qc2 g6 10. e4 c5 11. e5 d5 12. O-O Rc8 13. Qa4 Nxg3 14. fxg3 Qc7 15. h3 O-O 16. Rf2 f6 17. Re1 fxe5 18. dxe5 c4 19. Bb1 Bc5 20. Nd4 Rxf2 21. Kxf2 Nxe5 22. Kg1 Rf8 23. Kh2 Bxd4 24. cxd4 Nd3 25. Bxd3 cxd3 26. Rxe6 Qc2 27. Qb4 Ba6 28. Nf3 Rxf3 29. Re8+ Kg7 30. Qe7+ Rf7 31. Qe5+ Kh6 32. h4 Qc1 33. Re7 Rxe7 34. Qxe7 Qd2 35. Qf8+ Kh5 36. Qe7 1-0


[Site "https://www.chess.com"]

[Event "Titled Tuesday Blitz March 08 Late 2022"]
[White "Pichot, Alan"]
[Black "Zhurbinsky, David"]
[WhiteFideId "110973"]
[BlackFideId "2072904"]
[WhiteElo "2579"]
[BlackElo "2550"]
[Result "1-0"]
[Round "04"]
[TimeControl "180+1"]
[Date "2022.03.08"]
[WhiteClock "0:00:04"]
[BlackClock "0:00:09"]

1. d4 Nf6 2. Nf3 e6 3. c4 Bb4+ 4. Bd2 Qe7 5. g3 d5 6. Bg2 O-O 7. Qc2 Bxd2+ 8. Nbxd2 dxc4 9. Nxc4 c5 10. O-O Nc6 11. dxc5 Qxc5 12. Rac1 Bd7 13. a3 Rac8 14. b4 Qe7 15. Qb2 Rfd8 16. b5 Nb8 17. a4 b6 18. Nfe5 Be8 19. Rfd1 Nd5 20. Rd2 f6 21. Nd3 Bf7 22. Rdc2 Nd7 23. Nd2 Nc5 24. Nxc5 bxc5 25. Nb3 Nb6 26. a5 Nd7 27. Bb7 Rc7 28. Bc6 Ne5 29. Nxc5 Nxc6 30. Na6 Rb7 31. Rxc6 Be8 32. Rc7 Rxc7 33. Nxc7 Bg6 34. b6 Rb8 35. Qd4 axb6 36. axb6 Kf7 37. f3 e5 38. Qc4+ Kf8 39. Qc6 Be8 40. Nxe8 Qxe8 41. Qc7 Qd8 42. Qxd8+ Rxd8 43. b7 Ke7 44. Rc8 Rd1+ 45. Kf2 Rb1 46. b8=Q Rxb8 47. Rxb8 e4 48. Rb7+ Kf8 49. fxe4 h6 50. e5 Kg8 51. exf6 Kh7 52. e4 Kg6 53. fxg7 Kh5 54. Rb5+ Kg4 55. g8=Q+ Kh3 56. Rh5# 1-0


[Site "https://www.chess.com"]

[Event "Titled Tuesday Blitz March 08 Late 2022"]
[White "Pinheiro, Iung Alicio de O."]
[Black "Martirosyan, Haik M."]
[WhiteFideId "2104350"]
[BlackFideId "13306553"]
[WhiteElo "2614"]
[BlackElo "2735"]
[Result "0-1"]
[Round "04"]
[TimeControl "180+1"]
[Date "2022.03.08"]
[WhiteClock "0:00:14"]
[BlackClock "0:00:05"]

1. c4 g6 2. g3 Bg7 3. Bg2 c5 4. Nc3 Nc6 5. a3 e6 6. b4 d6 7. Rb1 Nge7 8. Nh3 O-O 9. Nf4 Rb8 10. O-O b6 11. e3 Bb7 12. Nb5 a6 13. Nc3 Bxc3 14. dxc3 Ne5 15. e4 Nxc4 16. Qe2 Ne5 17. Rd1 Qc7 18. h4 Rfd8 19. h5 cxb4 20. cxb4 Qc4 21. Qe1 d5 22. exd5 Ng4 23. Nxe6 Re8 24. Rd4 Qc2 25. Rb2 Qf5 26. Rf4 Qxh5 27. Re2 Nxd5 28. Bf3 Nxf4 29. Nxf4 Qh2+ 30. Kf1 Rxe2 31. Qxe2 Bxf3 32. Qxf3 h5 33. Bb2 Re8 34. Nd5 Re6 35. Nf4 Re8 36. Nd5 Qh3+ 37. Kg1 Re1# 0-1


[Site "https://www.chess.com"]

[Event "Titled Tuesday Blitz March 08 Late 2022"]
[White "Pourramezanali, Amirreza"]
[Black "Derige Kane, Yan"]
[WhiteFideId "12511412"]
[BlackFideId "20665431"]
[WhiteElo "2800"]
[BlackElo "2439"]
[Result "0-1"]
[Round "04"]
[TimeControl "180+1"]
[Date "2022.03.09"]
[WhiteClock "0:00:52"]
[BlackClock "0:00:50"]

1. e4 c5 2. c3 Nf6 3. e5 Nd5 4. d4 cxd4 5. cxd4 Nc6 6. Nc3 Nxc3 7. bxc3 d6 8. Nf3 dxe5 9. d5 Na5 10. Nxe5 Bd7 11. Qf3 Qc7 12. Qxf7+ Kd8 13. Qf4 Qxc3+ 14. Kd1 g5 15. Qd2 Ba4+ 16. Ke1 Qxe5+ 17. Be2 Nc4 18. Qb4 Qxa1 19. f3 Qxc1+ 20. Kf2 Qe3+ 21. Kg3 Qf4+ 22. Kf2 Qd4+ 23. Kg3 Qh4# 0-1


[Site "https://www.chess.com"]

[Event "Titled Tuesday Blitz March 08 Late 2022"]
[White "Qashashvili, Alexandre"]
[Black "Przybylski, Wojciech"]
[WhiteFideId "13600842"]
[BlackFideId "1117599"]
[WhiteElo "2314"]
[BlackElo "2503"]
[Result "0-1"]
[Round "04"]
[TimeControl "180+1"]
[Date "2022.03.09"]
[WhiteClock "0:00:08"]
[BlackClock "0:00:25"]

1. e4 c5 2. Nc3 e5 3. Nf3 Nc6 4. d3 Nge7 5. g3 g6 6. Be3 d6 7. Qd2 Nd4 8. Be2 h6 9. h3 Be6 10. Nd1 Qd7 11. c3 Nxe2 12. Kxe2 Bxh3 13. Ng1 Be6 14. Bxh6 O-O-O 15. Rh4 f5 16. Bxf8 Rdxf8 17. Rxh8 Rxh8 18. Ne3 d5 19. Nxd5 Nxd5 20. exd5 Bxd5 21. Qe3 Qb5 22. b4 c4 23. Qxa7 cxd3+ 24. Kd2 Kd7 25. Qc5 Qxc5 26. bxc5 e4 27. f3 Rh2+ 28. Ke3 Kc6 29. fxe4 Bxe4 30. Re1 Rg2 31. Nf3 Rxg3 32. Rf1 Kxc5 33. Kf4 Rxf3+ 34. Rxf3 Bxf3 35. Kxf3 Kc4 36. Kf2 Kxc3 37. Ke1 Kc2 38. Kf2 d2 39. Ke3 d1=Q 40. a4 Qd2+ 41. Kf3 g5 42. a5 Kd3 43. a6 Qe2+ 44. Kg3 Ke3 45. axb7 Qf2+ 46. Kh3 g4# 0-1


[Site "https://www.chess.com"]

[Event "Titled Tuesday Blitz March 08 Late 2022"]
[White "Rabineau, Clement"]
[Black "Svicevic, Rastko"]
[WhiteFideId "628891"]
[BlackFideId "916315"]
[WhiteElo "2237"]
[BlackElo "2132"]
[Result "1-0"]
[Round "04"]
[TimeControl "180+1"]
[Date "2022.03.09"]
[WhiteClock "0:00:05"]
[BlackClock "0:00:12"]

1. e4 c6 2. Nf3 d5 3. Nc3 Bg4 4. Be2 dxe4 5. Nxe4 Nf6 6. h3 Bf5 7. Ng3 Bg6 8. Ne5 Nbd7 9. Nxg6 hxg6 10. d4 e5 11. dxe5 Nxe5 12. Qxd8+ Rxd8 13. Be3 Nd5 14. Bxa7 b6 15. O-O-O Nd7 16. c4 Nb4 17. a3 Ra8 18. Rxd7 Kxd7 19. Bxb6 Na6 20. Rd1+ Ke6 21. Ne4 Be7 22. c5 f5 23. Bc4+ Ke5 24. Nd2 Nxc5 25. Re1+ Kf6 26. Rxe7 Kxe7 27. Bxc5+ Kd7 28. Nf3 Rhe8 29. Bf7 Re4 30. Kd2 Rd8 31. Bxg6 Ke6+ 32. Kc3 Kf6 33. Bh5 g6 34. Bd4+ Kf7 35. Ng5+ Ke7 36. Nxe4 gxh5 37. Bf6+ Kd7 38. Bxd8 Kxd8 39. Nc5 1-0


[Site "https://www.chess.com"]

[Event "Titled Tuesday Blitz March 08 Late 2022"]
[White "Rangel, Daniel"]
[Black "Rastbod, Ali"]
[WhiteFideId "2124475"]
[BlackFideId "12567477"]
[WhiteElo "2416"]
[BlackElo "2613"]
[Result "1-0"]
[Round "04"]
[TimeControl "180+1"]
[Date "2022.03.09"]
[WhiteClock "0:00:28"]
[BlackClock "0:00:54"]

1. d4 Nf6 2. Nf3 e6 3. g3 b5 4. Bg2 Bb7 5. O-O c5 6. a4 b4 7. c3 a5 8. Bg5 h6 9. Bxf6 Qxf6 10. Nbd2 Nc6 11. Ne5 d5 12. Nxc6 Bxc6 13. e4 Be7 14. exd5 exd5 15. dxc5 bxc3 16. bxc3 Qxc3 17. Re1 Qxc5 18. Rc1 Qd6 19. Nc4 Qf6 20. Qe2 Bxa4 21. Nb6 Rd8 22. Nxa4 O-O 23. Qxe7 1-0


[Site "https://www.chess.com"]

[Event "Titled Tuesday Blitz March 08 Late 2022"]
[White "Rasulov, Vugar"]
[Black "Salinas Herrera, Pablo"]
[WhiteFideId "13402390"]
[BlackFideId "3407128"]
[WhiteElo "2560"]
[BlackElo "2541"]
[Result "0-1"]
[Round "04"]
[TimeControl "180+1"]
[Date "2022.03.08"]
[WhiteClock "0:00:05"]
[BlackClock "0:00:06"]

1. d4 d5 2. c4 e6 3. Nc3 Nf6 4. cxd5 exd5 5. Bg5 c6 6. e3 h6 7. Bf4 Bd6 8. Bxd6 Qxd6 9. Bd3 O-O 10. Nge2 Re8 11. O-O Nbd7 12. Ng3 Nf8 13. Qc2 g6 14. Rae1 h5 15. f3 h4 16. Nh1 Bd7 17. Qf2 h3 18. g4 c5 19. Ng3 cxd4 20. exd4 Ne6 21. Nce2 Rac8 22. Kh1 a6 23. Rg1 Qb4 24. b3 Qd2 25. Bb1 Nf4 26. Rgf1 Ng2 27. Rd1 Qb2 28. g5 Nh7 29. f4 Ne3 30. f5 Nxd1 31. Rxd1 Rc6 32. Rf1 Nxg5 33. fxg6 fxg6 34. Bd3 Bg4 35. Qf4 Bxe2 36. Nxe2 Rxe2 37. Kg1 Rg2+ 38. Kh1 Qd2 39. Qf8+ Kh7 40. Qe7+ Kh6 41. Qf8+ Kh5 42. Qh8+ Kg4 43. Qb8 Rf6 44. Rxf6 Rg1+ 45. Kxg1 Qg2# 0-1


[Site "https://www.chess.com"]

[Event "Titled Tuesday Blitz March 08 Late 2022"]
[White "Reprintsev, Alexander"]
[Black "Guliyev, Namig"]
[WhiteFideId "14100541"]
[BlackFideId "13400363"]
[WhiteElo "2439"]
[BlackElo "2742"]
[Result "0-1"]
[Round "04"]
[TimeControl "180+1"]
[Date "2022.03.09"]
[WhiteClock "0:00:41"]
[BlackClock "0:00:34"]

1. e4 c5 2. b3 d6 3. Bb2 Nf6 4. Bxf6 gxf6 5. Qh5 Nc6 6. Nc3 Nd4 7. Bc4 Nxc2+ 8. Kd1 Nxa1 9. Qxf7+ Kd7 10. Nd5 Kc6 11. Ne2 b5 12. Bd3 Qa5 13. Nec3 a6 14. Ke2 Qd8 15. Rxa1 Bd7 16. a4 b4 17. Nd1 Qe8 18. Nxb4+ Kc7 19. Qc4 Qh5+ 20. f3 Qxh2 21. Ne3 Kd8 22. Nbd5 Bh6 23. b4 Rg8 24. bxc5 Rxg2+ 25. Nxg2 Qxg2+ 26. Ke1 Qxd2+ 27. Kf1 Bh3+ 0-1


[Site "https://www.chess.com"]

[Event "Titled Tuesday Blitz March 08 Late 2022"]
[White "Risteski, Emil"]
[Black "Antonova, Nadezhda"]
[WhiteFideId "15005267"]
[BlackFideId "14700182"]
[WhiteElo "2571"]
[BlackElo "2265"]
[Result "1-0"]
[Round "04"]
[TimeControl "180+1"]
[Date "2022.03.09"]
[WhiteClock "0:01:47"]
[BlackClock "0:01:13"]

1. e4 c5 2. Be2 d6 3. f4 Nf6 4. d3 e6 5. Nf3 Be7 6. O-O O-O 7. Qe1 Nc6 8. Nc3 Rb8 9. Nd1 b5 10. Ne3 Bb7 11. g4 Nd4 12. Bd1 Nxf3+ 13. Rxf3 c4 14. Rh3 Nd7 15. g5 e5 16. Qh4 h6 17. Nf5 exf4 18. Nxh6+ 1-0


[Site "https://www.chess.com"]

[Event "Titled Tuesday Blitz March 08 Late 2022"]
[White "Romero Ruscalleda, Josep"]
[Black "Maranhao,Jose Renato Ruiz"]
[WhiteFideId "2231859"]
[BlackFideId "2135175"]
[WhiteElo "2306"]
[BlackElo "1970"]
[Result "1-0"]
[Round "04"]
[TimeControl "180+1"]
[Date "2022.03.09"]
[WhiteClock "0:01:13"]
[BlackClock "0:00:02"]

1. e4 c6 2. Nc3 d5 3. Nf3 Bg4 4. h3 Bxf3 5. Qxf3 e6 6. d4 dxe4 7. Qxe4 Nf6 8. Qd3 Be7 9. g3 O-O 10. Bg2 Nbd7 11. O-O Nd5 12. Ne4 N7f6 13. Ng5 h6 14. Nf3 c5 15. a3 cxd4 16. Nxd4 Nb6 17. Re1 Bc5 18. Be3 e5 19. Nf5 Qxd3 20. cxd3 Bxe3 21. fxe3 Nbd5 22. Rac1 Rac8 23. Kf2 g6 24. Nd6 Rxc1 25. Rxc1 b6 26. e4 Rd8 27. Nb7 Rd7 28. Rc8+ Kg7 29. Nc5 Ne7 30. Nxd7 Nxc8 31. Nxe5 Nd6 32. Ke3 1-0


[Site "https://www.chess.com"]

[Event "Titled Tuesday Blitz March 08 Late 2022"]
[White "Rorrer, Grayson"]
[Black "Burke, Paul"]
[WhiteFideId "30944996"]
[BlackFideId "2605767"]
[WhiteElo "2122"]
[BlackElo "1889"]
[Result "1-0"]
[Round "04"]
[TimeControl "180+1"]
[Date "2022.03.09"]
[WhiteClock "0:01:09"]
[BlackClock "0:00:26"]

1. e4 e5 2. Nc3 Nc6 3. g3 g6 4. Bg2 Bg7 5. Nge2 Nge7 6. O-O h6 7. d3 O-O 8. f4 f5 9. h3 d6 10. Kh2 Kh7 11. a4 Nd4 12. Nxd4 exd4 13. Ne2 c5 14. c3 dxc3 15. bxc3 d5 16. e5 Be6 17. Be3 b6 18. a5 Qd7 19. d4 c4 20. Bc1 Nc6 21. a6 b5 22. Ba3 Rfc8 23. Nc1 Bf8 24. Bxf8 Rxf8 25. Na2 Rab8 26. Qd2 Qe7 27. Rfb1 Na5 28. Nc1 Nc6 29. Bf3 b4 30. cxb4 Rxb4 31. Rxb4 Qxb4 32. Qxb4 Nxb4 33. Rb1 Nxa6 34. Ra1 Nb4 35. Rxa7+ Rf7 36. Ra4 Nc2 37. Ne2 Rb7 38. Ra6 Rb2 39. Kg1 Rb1+ 40. Kf2 Rb2 41. Rxe6 Nxd4 42. Re7+ Kg8 43. Ke3 Nc2+ 44. Kf2 d4 45. Bd5+ Kf8 46. Rf7+ Ke8 47. e6 d3 48. Bc6+ Kd8 49. e7+ Kc7 50. e8=Q+ 1-0


[Site "https://www.chess.com"]

[Event "Titled Tuesday Blitz March 08 Late 2022"]
[White "Rostovtsev, Dmitry"]
[Black "Koutlas, Nikolaos"]
[WhiteFideId "34278320"]
[BlackFideId "25827138"]
[WhiteElo "2692"]
[BlackElo "2445"]
[Result "1-0"]
[Round "04"]
[TimeControl "180+1"]
[Date "2022.03.09"]
[WhiteClock "0:00:31"]
[BlackClock "0:00:01"]

1. e4 c5 2. Nf3 Nc6 3. Bb5 g6 4. O-O Bg7 5. c3 Nf6 6. Re1 O-O 7. d4 cxd4 8. cxd4 d5 9. e5 Ne4 10. Nc3 Nxc3 11. bxc3 Qc7 12. Bd3 Na5 13. Bd2 Nc4 14. Bc1 a5 15. Nd2 Nb6 16. Bb2 Bd7 17. a4 Rac8 18. Qb3 f6 19. exf6 Bxf6 20. Ne4 Bh4 21. g3 Kh8 22. Nc5 Bh3 23. c4 Rxf2 24. Kxf2 Rf8+ 25. Ke2 Bg5 26. Kd1 Rf2 27. Bc3 Bg4+ 28. Be2 Bf5 29. cxd5 Qd6 30. Nxb7 1-0


[Site "https://www.chess.com"]

[Event "Titled Tuesday Blitz March 08 Late 2022"]
[White "Rustemov, Alexander"]
[Black "Mogranzini, Roberto"]
[WhiteFideId "4119002"]
[BlackFideId "810894"]
[WhiteElo "2769"]
[BlackElo "2469"]
[Result "0-1"]
[Round "04"]
[TimeControl "180+1"]
[Date "2022.03.08"]
[WhiteClock "0:00:05"]
[BlackClock "0:00:23"]

1. d4 Nf6 2. c4 d6 3. Nf3 g6 4. g3 Bg7 5. Bg2 Bf5 6. O-O O-O 7. Nh4 Bc8 8. Nc3 Nc6 9. Nf3 Rb8 10. h3 a6 11. e4 e5 12. Be3 exd4 13. Nxd4 Bd7 14. Rc1 Re8 15. b3 Nxd4 16. Bxd4 c5 17. Be3 Bc6 18. Qd3 Qc7 19. Rfd1 Rbd8 20. Bf4 Qa5 21. g4 Nd7 22. Bxd6 Ne5 23. Qe3 Nxg4 24. hxg4 Bd4 25. Rxd4 cxd4 26. Qxd4 Qg5 27. Rd1 Qxg4 28. f3 Qh4 29. Qf2 Qf6 30. c5 Qxc3 31. Qh4 b6 32. Qg5 bxc5 33. Rc1 Qd4+ 34. Kh1 Qxd6 35. Rxc5 Bb5 36. f4 Qe7 37. Qxe7 Rxe7 38. e5 Rd2 39. a4 Bd3 40. b4 Bf5 41. b5 axb5 42. axb5 Rb2 43. Bc6 Rb4 44. Kh2 Be4 45. Kg3 Bxc6 46. bxc6 Rc7 47. Kg4 Rb6 48. Kg5 Rbxc6 49. Rd5 Kg7 50. Rd8 h6+ 51. Kg4 Rc4 52. Rd6 R7c6 53. Rd7 Re6 54. Kg3 Rb4 55. Rc7 Reb6 56. Kg4 g5 57. Kh5 Rxf4 58. Rxf7+ Kxf7 59. e6+ Ke8 60. Kxh6 Rxe6+ 61. Kxg5 Rf1 62. Kg4 Rg6+ 63. Kh5 Rg8 64. Kh6 Rh1# 0-1


[Site "https://www.chess.com"]

[Event "Titled Tuesday Blitz March 08 Late 2022"]
[White "Sanal, Vahap"]
[Black "Riehle, Marco"]
[WhiteFideId "6300545"]
[BlackFideId "12904392"]
[WhiteElo "2603"]
[BlackElo "2462"]
[Result "0-1"]
[Round "04"]
[TimeControl "180+1"]
[Date "2022.03.08"]
[WhiteClock "0:01:45"]
[BlackClock "0:02:43"]

1. e4 e5 2. Nf3 Nf6 3. Nxe5 Nxe4 4. Qe2 Qe7 5. Qxe4 d6 6. d4 dxe5 7. dxe5 Nc6 8. Nc3 Qxe5 9. Qxe5+ Nxe5 10. Bf4 f6 11. O-O-O Bd7 12. Nb5 O-O-O 13. Nxa7+ Kb8 14. Nb5 Bc5 15. Bg3 g5 16. Be2 Bc6 17. f3 h5 18. Rxd8+ Rxd8 19. Rd1 Be3+ 20. Kb1 Rxd1+ 21. Bxd1 Bxb5 0-1


[Site "https://www.chess.com"]

[Event "Titled Tuesday Blitz March 08 Late 2022"]
[White "Shuvalova, Polina"]
[Black "Chigaev, Maksim"]
[WhiteFideId "24171760"]
[BlackFideId "4108116"]
[WhiteElo "2355"]
[BlackElo "2502"]
[Result "0-1"]
[Round "04"]
[TimeControl "180+1"]
[Date "2022.03.08"]
[WhiteClock "0:00:08"]
[BlackClock "0:00:28"]

1. d4 Nf6 2. Nf3 d5 3. Bf4 Bf5 4. e3 e6 5. Nbd2 c5 6. c3 Nc6 7. Be2 h6 8. O-O Be7 9. a4 O-O 10. h3 Bd6 11. Ne5 Bxe5 12. dxe5 Nd7 13. Nf3 Be4 14. Nd2 Ndxe5 15. Nxe4 dxe4 16. Qc2 Nd3 17. Bg3 c4 18. b3 cxb3 19. Qxb3 Na5 20. Qb5 Rc8 21. Rfd1 Rxc3 22. Be5 Rc5 23. Qxc5 Nxc5 24. Rxd8 Rxd8 25. Rb1 b6 26. Rb2 Nd3 27. Rd2 Nc4 0-1


[Site "https://www.chess.com"]

[Event "Titled Tuesday Blitz March 08 Late 2022"]
[White "Silva, Miguel Antonio Neto"]
[Black "Xu, Yi"]
[WhiteFideId "1911929"]
[BlackFideId "8605564"]
[WhiteElo "2204"]
[BlackElo "2471"]
[Result "0-1"]
[Round "04"]
[TimeControl "180+1"]
[Date "2022.03.08"]
[WhiteClock "0:00:17"]
[BlackClock "0:00:04"]

1. Nf3 d5 2. d4 Nf6 3. c4 e6 4. g3 Be7 5. Bg2 O-O 6. O-O dxc4 7. Qc2 a6 8. Qxc4 b5 9. Qc2 Bb7 10. Bd2 Be4 11. Qc1 c6 12. e3 Nbd7 13. Nc3 Bg6 14. Re1 Ne4 15. Nxe4 Bxe4 16. Nh4 Bxg2 17. Nxg2 c5 18. dxc5 Nxc5 19. Qc2 Rc8 20. Red1 Qb6 21. Rac1 Qb7 22. Bc3 Ne4 23. Qe2 Nxc3 24. bxc3 Ba3 25. Rc2 Rc4 26. Rd4 Rfc8 27. Rxc4 Rxc4 28. Nf4 g6 29. Qd3 Qc7 30. Ne2 h5 31. h4 Kg7 32. Rd2 Be7 33. Qd7 Qxd7 34. Rxd7 Bf6 35. Rd6 Ra4 36. Rd2 Ra3 37. Rc2 Kf8 38. Kf1 Ke7 39. Ke1 Kd6 40. Kd2 Kc5 41. Rb2 a5 42. Nd4 b4 43. cxb4+ axb4 44. Rc2+ Kb6 45. Nb3 Bc3+ 46. Kd3 e5 47. f4 f5 48. e4 Ra8 49. fxe5 Rd8+ 50. Ke3 Bxe5 51. exf5 gxf5 52. Rf2 Rf8 53. Rf3 Bxg3 54. Nd4 f4+ 55. Ke4 Bxh4 56. Ne2 Bg5 57. Rh3 h4 58. Ng1 Ra8 59. Nf3 Be7 60. Rh2 Rf8 61. Ke5 Kb5 62. Rd2 Bc5 63. Ke4 Be3 64. Rh2 Re8+ 65. Kf5 Rd8 66. Nxh4 Rd2 67. Rxd2 Bxd2 68. Nf3 Be3 69. Ke4 Ka4 70. Kd3 Ka3 71. Kc4 Bf2 72. Ne5 Be1 73. Nd3 Bd2 74. Ne5 Kxa2 75. Kd3 Bc3 76. Nc4 b3 77. Kxc3 f3 78. Nd2 f2 0-1


[Site "https://www.chess.com"]

[Event "Titled Tuesday Blitz March 08 Late 2022"]
[White "Sliwicki, Damian"]
[Black "P., Komal Kishore"]
[WhiteFideId "1127128"]
[BlackFideId "5016703"]
[WhiteElo "2067"]
[BlackElo "2138"]
[Result "1-0"]
[Round "04"]
[TimeControl "180+1"]
[Date "2022.03.09"]
[WhiteClock "0:01:34"]
[BlackClock "0:00:19"]

1. e4 c6 2. Nc3 d5 3. Nf3 Bg4 4. h3 Bxf3 5. Qxf3 e6 6. d3 Nf6 7. Bd2 Nbd7 8. O-O-O Be7 9. g4 Qc7 10. g5 Ne5 11. Qg3 Nfd7 12. d4 Bd6 13. dxe5 Nxe5 14. f4 Ng6 15. e5 Bc5 16. Kb1 Ne7 17. h4 Nf5 18. Qd3 O-O-O 19. Bh3 Ne7 20. h5 b5 21. a3 b4 22. Na4 bxa3 23. Nxc5 Qb6 24. Qa6+ Kc7 25. Ba5 1-0


[Site "https://www.chess.com"]

[Event "Titled Tuesday Blitz March 08 Late 2022"]
[White "Song, Michael"]
[Black "Ardila, Oscar Humberto"]
[WhiteFideId "2613190"]
[BlackFideId "4404742"]
[WhiteElo "2274"]
[BlackElo "1966"]
[Result "1-0"]
[Round "04"]
[TimeControl "180+1"]
[Date "2022.03.09"]
[WhiteClock "0:01:42"]
[BlackClock "0:01:34"]

1. e4 e5 2. Nf3 Nc6 3. Bc4 Nf6 4. d3 Bc5 5. c3 d6 6. O-O O-O 7. Re1 Bg4 8. h3 Bh5 9. Nbd2 a6 10. Bb3 b5 11. Nf1 Na5 12. Bc2 Bb6 13. b4 Nb7 14. a4 c5 15. axb5 axb5 16. Rb1 c4 17. Ng3 Bg6 18. d4 exd4 19. Nxd4 Qd7 20. Bg5 Rfe8 21. Bxf6 gxf6 22. Ndf5 Ra2 23. h4 d5 24. h5 Bxf5 25. Nxf5 Re5 26. Qg4+ Kf8 27. Qg7+ Ke8 28. Qg8# 1-0


[Site "https://www.chess.com"]

[Event "Titled Tuesday Blitz March 08 Late 2022"]
[White "Stoleriu, George"]
[Black "Paravyan, David"]
[WhiteFideId "1227505"]
[BlackFideId "4194985"]
[WhiteElo "2203"]
[BlackElo "2569"]
[Result "0-1"]
[Round "04"]
[TimeControl "180+1"]
[Date "2022.03.08"]
[WhiteClock "0:00:04"]
[BlackClock "0:01:52"]

1. e4 e5 2. Nf3 Nf6 3. Nxe5 d6 4. Nf3 Nxe4 5. c4 Nc6 6. Nc3 Nxc3 7. dxc3 g6 8. Be3 Bg7 9. Be2 O-O 10. O-O Re8 11. Re1 Bf5 12. Nd4 Qd7 13. Nxf5 Qxf5 14. Bf3 h5 15. Bxc6 bxc6 16. Bd4 Rxe1+ 17. Qxe1 Bxd4 18. cxd4 Qd3 19. Qe7 Qxc4 20. Qxc7 Qxd4 21. Qxc6 Rb8 22. Qc3 Qxc3 23. bxc3 Rc8 24. Rc1 Rc4 25. Kf1 Kg7 26. Ke2 Kf6 27. Kd3 Rg4 28. g3 Ra4 29. Rc2 d5 30. Rb2 Kf5 31. f3 a6 32. Re2 f6 33. Rb2 h4 34. Re2 g5 35. Rb2 Ke5 36. Re2+ Kd6 37. Rb2 Kc5 38. gxh4 Rxh4 39. Re2 Rf4 40. Ke3 Kc4 41. Rd2 Rf5 42. Rd3 a5 43. Kd2 Rf4 44. Re3 Rh4 45. Re2 Rh3 46. Rf2 a4 47. Kc2 a3 48. Kd2 f5 49. Rg2 Rxf3 50. Rxg5 Rf2+ 51. Kc1 f4 52. Kb1 Kxc3 53. Rg1 Rb2+ 54. Ka1 Rxh2 0-1


[Site "https://www.chess.com"]

[Event "Titled Tuesday Blitz March 08 Late 2022"]
[White "Tabatabaei, M. Amin"]
[Black "Cori T., Deysi"]
[WhiteFideId "12521213"]
[BlackFideId "3801934"]
[WhiteElo "2544"]
[BlackElo "2341"]
[Result "1-0"]
[Round "04"]
[TimeControl "180+1"]
[Date "2022.03.08"]
[WhiteClock "0:00:19"]
[BlackClock "0:00:02"]

1. d4 f5 2. h4 d6 3. Nc3 c6 4. e4 Nf6 5. Bd3 Qb6 6. Nf3 fxe4 7. Nxe4 Bg4 8. Nxf6+ gxf6 9. c3 Nd7 10. h5 O-O-O 11. Rh4 f5 12. Rxg4 fxg4 13. Ng5 e5 14. Nf7 exd4 15. Nxh8 dxc3 16. bxc3 Bg7 17. Rb1 Re8+ 18. Kf1 Qc5 19. Nf7 Rf8 20. Qb3 b6 21. Qe6 Kc7 22. Bf4 Be5 23. Bxe5 Nxe5 24. Qe7+ Nd7 25. Re1 g3 26. Re3 gxf2 27. g4 Qd5 28. Qxd6+ Qxd6 29. Nxd6 Kxd6 30. Bxh7 Ne5 31. Bf5 Nc4 32. Re6+ Kd5 33. h6 1-0


[Site "https://www.chess.com"]

[Event "Titled Tuesday Blitz March 08 Late 2022"]
[White "Tari, Aryan"]
[Black "Cardoso Cardoso, Jose Gabriel"]
[WhiteFideId "1510045"]
[BlackFideId "4430492"]
[WhiteElo "2567"]
[BlackElo "2451"]
[Result "1-0"]
[Round "04"]
[TimeControl "180+1"]
[Date "2022.03.08"]
[WhiteClock "0:00:30"]
[BlackClock "0:00:04"]

1. c4 g6 2. g3 Bg7 3. Bg2 d6 4. Nc3 Nf6 5. d4 O-O 6. Nf3 Nc6 7. O-O Bf5 8. Re1 Ne4 9. Nd5 e5 10. dxe5 Nxe5 11. Nd4 Nxc4 12. Nxf5 gxf5 13. Qc2 Nb6 14. Ne3 Qd7 15. Nxf5 Qxf5 16. Bxe4 Qh5 17. Bxb7 Rab8 18. Bf3 Qg6 19. Be4 f5 20. Bf3 c5 21. Bf4 Nd7 22. Rad1 Rb6 23. b3 Be5 24. h4 Bxf4 25. Qc4+ Kg7 26. Qxf4 Ne5 27. h5 Qf6 28. Rd5 Rb4 29. Qd2 Rd4 30. Rxd4 cxd4 31. Rd1 d3 32. Bg2 dxe2 33. Qxe2 Rc8 34. Qa6 Rc2 35. Qxa7+ Kh6 36. Qe3+ f4 37. Qxf4+ Qxf4 38. gxf4 Ng4 39. Rxd6+ Kg7 40. h6+ Nxh6 41. a4 Ng4 42. Be4 Rb2 43. Bd5 Nxf2 44. a5 Nh3+ 45. Kf1 Nxf4 46. Bc4 Ra2 47. a6 h5 48. Rd4 Nh3 49. Rd7+ Kf6 50. a7 Nf4 51. b4 h4 52. Bxa2 h3 53. a8=Q 1-0


[Site "https://www.chess.com"]

[Event "Titled Tuesday Blitz March 08 Late 2022"]
[White "Thavandiran, Shiyam"]
[Black "Oparin, Grigoriy"]
[WhiteFideId "2605058"]
[BlackFideId "24125890"]
[WhiteElo "2357"]
[BlackElo "2665"]
[Result "1/2-1/2"]
[Round "04"]
[TimeControl "180+1"]
[Date "2022.03.08"]
[WhiteClock "0:00:27"]
[BlackClock "0:01:23"]

1. e4 c6 2. d4 d5 3. Nd2 dxe4 4. Nxe4 Nf6 5. Nxf6+ exf6 6. c3 Bd6 7. Bd3 O-O 8. Qc2 Re8+ 9. Ne2 h6 10. O-O Nd7 11. Ng3 Nf8 12. Bd2 Be6 13. Rae1 Rc8 14. a4 Qd7 15. Bc1 Bb8 16. Re2 Bg4 17. f3 Rxe2 18. Qxe2 Re8 19. Qf2 Be6 20. Re1 a6 21. Ne4 Ba7 22. Bc2 f5 23. Nc5 Bxc5 24. dxc5 Ng6 25. h4 Rd8 26. h5 Ne7 27. Be3 Nd5 28. Bd4 f6 29. Qe2 Bf7 30. Qd3 Nb4 31. Qxf5 Nxc2 32. Qxc2 Bxh5 33. Qf2 Re8 34. Rxe8+ Bxe8 35. Qg3 Kh7 36. Qb8 Bg6 37. Qd6 Qf7 38. b4 Bc2 39. a5 h5 40. Kf2 Bb3 41. Qh2 Kg8 42. Qb8+ Kh7 43. Qh2 Qg6 44. g4 Qc2+ 45. Kg3 Qxh2+ 46. Kxh2 h4 47. Kh3 Bd1 48. f4 g5 49. Bxf6 gxf4 50. Kxh4 Kg6 51. Bd4 Be2 52. Be5 f3 53. Kg3 f2 54. Kxf2 Bxg4 55. Bd4 Kf5 1/2-1/2


[Site "https://www.chess.com"]

[Event "Titled Tuesday Blitz March 08 Late 2022"]
[White "Toncheva, Nadya"]
[Black "Piesik, Piotr"]
[WhiteFideId "2924056"]
[BlackFideId "1136194"]
[WhiteElo "2392"]
[BlackElo "2589"]
[Result "0-1"]
[Round "04"]
[TimeControl "180+1"]
[Date "2022.03.09"]
[WhiteClock "0:00:01"]
[BlackClock "0:00:26"]

1. e4 g6 2. d4 Bg7 3. Nf3 c6 4. Nc3 d6 5. a4 Nf6 6. Bc4 O-O 7. O-O Bg4 8. h3 Bxf3 9. Qxf3 Nbd7 10. Be3 Qc7 11. Rad1 e5 12. Rfe1 Rae8 13. Qg3 Nh5 14. Qh4 exd4 15. Bxd4 Ne5 16. Bxe5 Bxe5 17. Be2 Nf4 18. g3 Bxc3 19. bxc3 Ne6 20. f4 Nc5 21. Bf3 Qe7 22. Qxe7 Rxe7 23. Rxd6 Nxa4 24. Ra1 Nb6 25. e5 Nc8 26. Rd4 f6 27. exf6 Rxf6 28. Bg4 Nb6 29. Rxa7 Nd5 30. Bc8 b6 31. Ra6 Re3 32. Kf2 Rxc3 33. Rd2 Kg7 34. Bg4 b5 35. Bf3 Nb4 36. Ra7+ Rf7 37. Ra8 Nxc2 38. Rc8 Nb4 39. Rd6 c5 40. Rb6 Nd3+ 41. Ke2 Re7+ 42. Kd2 b4 43. Bd5 Nf2 44. Rd6 Rd3+ 45. Kc2 Re2+ 0-1


[Site "https://www.chess.com"]